cohdb
Replays
Latest Replays
All Replays
Popular Replays
Top Player Replays
Match Explorer
How It Works
Community
CoH3 Stats
Reddit
Sign in to upload your games and track your stats! →
Sign in with Steam
Match 42818574
Unlisted
Match 42818574
Overview
Messages
Build Orders
End
Scout Squad
Construct Weapon Support Center
Selects Airborne Battlegroup
Selects Pathfinders
M1919 Machine Gun Team
Engineer Squad
Selects Paratrooper Squad Paradrop
Paratrooper Squad Paradrop
Construct Medical Station
Paratrooper Squad Paradrop
Mechanized Support Center
Forward Retreat Point
Selects Recon Loiter
Construct Tank Depot
Designate Forward Repair Station
M4A1 Sherman Medium Tank
Selects Anti-tank Gun Team Paradrop
Anti-tank Gun Team Paradrop
M4A1 76mm Conversion
Improvised Armor
Recon Loiter
Selects Paradrop Reinforcements
Bran
DrewP
Dillbro
PokerJoker
jxcol
SHEFF
0
0
Comments
sign in to comment!
No comments posted yet!